 Dungeon Crawl Stone Soup version 0.28.0-45-g0d030f2227 (console) character file.

Game seed: 9507932933326165673

1872 Zeor the Covert (level 9, -2/41 HPs)
             Began as a Vine Stalker Enchanter on Apr 3, 2022.
             Was a Follower of Wu Jian.
             Slain by a two-headed ogre
             ... wielding a +0 giant spiked club
              (22 damage)
             ... on level 6 of the Dungeon.
             The game lasted 00:22:12 (5646 turns).

Zeor the Covert (Vine Stalker Enchanter)            Turns: 5646, Time: 00:22:14

Health: -2/41      AC:  6    Str: 11    XL:     9   Next: 14%
Magic:  0/20       EV: 12    Int: 19    God:    Wu Jian [*.....]
Gold:   305        SH:  0    Dex: 15    Spells: 10/21 levels left

rFire   . . .      SeeInvis .   a - +2 dagger
rCold   . . .      Faith    .   (no shield)
rNeg    . . .      Spirit   +   b - +1 robe
rPois   .          Reflect  .   o - +2 hat
rElec   .          Harm     .   h - +0 cloak
rCorr   .          Rampage  .   (no gloves)
Will    +....                   (no boots)
Stlth   ++++......              (no amulet)
HPRegen 0.93/turn               (no ring)
MPRegen 0.17/turn               (no ring)

@: no status effects
A: fangs 3, regeneration 1, magic shield, antimagic bite, no potion heal 2
a: Renounce Religion


You were on level 6 of the Dungeon.
You worshipped Wu Jian.
Wu Jian was aware of your devotion.
You visited 2 branches of the dungeon, and saw 7 of its levels.

You collected 305 gold pieces.

Inventory:

Hand Weapons
 a - a +2 dagger (weapon)
Missiles
 e - 5 poisoned darts (quivered)
Armour
 b - a +1 robe (worn)
 h - a +0 cloak (worn)
 o - a +2 hat (worn)
Magical Staves
 d - a staff of earth
 f - a staff of conjuration
Jewellery
 n - a ring of protection from cold
Wands
 l - a wand of charming (8)
 m - a wand of iceblast (4)
Scrolls
 i - a scroll of enchant armour
 j - a scroll of amnesia
Potions
 c - 6 potions of magic
 g - a potion of cancellation
 k - a potion of brilliance


   Skills:
 + Level 1.3 Fighting
 + Level 3.1 Short Blades
 + Level 2.2 Dodging
 + Level 8.3 Stealth
 * Level 6.7 Spellcasting
 * Level 6.4 Hexes
 + Level 2.6 Ice Magic


You had 10 spell levels left.
You knew the following spells:

 Your Spells              Type           Power      Damage    Failure   Level
a - Ensorcelled Hibernat  Hex/Ice        46%        N/A       2%          2
b - Confusing Touch       Hex            30%        N/A       2%          3
c - Tukima's Dance        Hex            30%        N/A       2%          3
d - Dazzling Flash        Conj/Hex       36%        N/A       9%          3

Your spell library contained the following spells:

 Spells                   Type           Power      Damage    Failure   Level
 Anguish                  Hex/Necr       9%         N/A       28%         4
 Spider Form              Tmut/Pois      6%         N/A       30%         3


Dungeon Overview and Level Annotations

Branches:
Dungeon (6/15)             Temple (1/1) D:5

Altars:
Ashenzari
Dithmenos
Fedhas
Gozag
Hepliaklqana
Qazlal
Trog
Uskayaw
Vehumet
Wu Jian
Xom
Zin
The Shining One

Annotations:
D:5 1 runed translucent door, Icepheonix32's ghost, amateur OpSu


Innate Abilities, Weirdness & Mutations

You have razor-sharp teeth.
Your natural rate of healing is unusually fast.
When hurt, damage is shared between your health and your magic reserves.
Your bite disrupts and absorbs the magic of your enemies.
Potions cannot restore your health.


Message History

Press: ? - help, Shift-Dir - straight line, f - orc
Aim: an orc, wielding a +0 flail, wearing a +0 scale mail and quivering stones (chance to affect: 72%)
The orc looks drowsy...
The helpless orc fails to defend itself.
You impale the orc!!
You kill the orc!
The Council accepts your kill.
Items here: ( ) [ †.
You see here a +0 halberd.
A two-headed ogre is nearby!
There's nothing to close nearby.
A two-headed ogre comes into view.
It is wielding a +0 giant spiked club and a +0 giant club.
The two-headed ogre moves out of view.
Casting: Ensorcelled Hibernation (safe; 2% risk of failure)
Confirm with . or Enter, or press ? or * to list all spells.
Aiming: Ensorcelled Hibernation (safe; 2% risk of failure)
Press: ? - help, Shift-Dir - straight line, f - two-headed ogre
Aim: a two-headed ogre, wielding two +0 giant spiked clubs (chance to affect: 37%)
The two-headed ogre easily resists.
Casting: Ensorcelled Hibernation (safe; 2% risk of failure)
Confirm with . or Enter, or press ? or * to list all spells.
Aiming: Ensorcelled Hibernation (safe; 2% risk of failure)
Press: ? - help, Shift-Dir - straight line, f/p - two-headed ogre
Aim: a two-headed ogre, wielding two +0 giant spiked clubs (chance to affect: 37%)
The two-headed ogre easily resists.
The two-headed ogre hits you with a +0 giant spiked club!!
The two-headed ogre hits you with a +0 giant spiked club!
Casting: Ensorcelled Hibernation (safe; 2% risk of failure)
Confirm with . or Enter, or press ? or * to list all spells.
Aiming: Ensorcelled Hibernation (safe; 2% risk of failure)
Press: ? - help, Shift-Dir - straight line, f/p - two-headed ogre
Aim: a two-headed ogre, wielding two +0 giant spiked clubs (chance to affect: 37%)
The two-headed ogre looks drowsy...
The helpless two-headed ogre fails to defend itself.
You stick the two-headed ogre like a pincushion!!!
Your bite misses the two-headed ogre.
The two-headed ogre is almost dead.
The two-headed ogre hits you with a +0 giant spiked club!!
Ouch! That really hurt!
You die...

∙▒∙∙ ▒▒∙▒∙∙∙∙∙∙∙ ∙∙∙∙o∙∙▒∙▒ ∙▒∙▒
▒∙▒∙∙O∙∙∙∙∙∙∙∙∙∙∙∙∙∙∙▒)▒ ∙▒∙▒
▒▒▒▒▒∙▒▒∙∙∙∙∙∙∙∙∙∙∙∙∙∙∙∙▒▒∙▒
∙▒∙▒∙▒∙∙∙∙∙)▒▒∙∙∙∙∙∙∙∙∙?∙∙∙∙▒▒∙∙▒
∙∙∙∙∙▒)▒▒▒▒∙∙▒▒∙∙∙∙∙∙∙∙∙∙∙∙▒▒∙∙▒▒
∙∙▒▒▒▒)▒▒▒▒∙∙∙▒▒ ∙∙∙∙∙∙∙∙▒▒∙∙▒▒
∙∙'∙∙)∙)∙∙∙∙▒∙∙▒▒ ∙∙∙∙∙∙▒▒∙∙▒▒
∙∙▒▒▒▒∙▒▒▒▒▒▒▒∙)▒▒▒▒''▒▒▒▒∙∙▒▒
▒▒▒▒▒▒∙▒▒∙∙∙∙∙∙∙fO∙∙∙∙∙∙∙∙∙▒▒
∙∙∙∙∙∙∙▒▒∙▒▒▒▒▒∙>▒▒▒▒▒▒∙▒▒▒▒
∙▒▒▒▒▒▒▒▒∙▒ ▒▒∙▒ ▒∙▒ ∙▒ ▒)▒ ▒)▒
▒∙▒ ∙▒ ▒▒▒∙▒ ▒∙▒ ▒∙▒ ∙▒ ▒∙▒∙▒ ▒∙▒
▒∙▒ ∙▒▒▒▒▒▒∙▒∙▒ ▒∙▒ ▒∙▒
∙∙∙∙)∙∙∙▒∙▒ ▒∙▒▒▒▒▒▒∙▒
▒▒▒▒▒▒▒∙▒∙▒ ▒∙∙∙∙∙∙∙∙▒


You could see a two-headed ogre.

Vanquished Creatures
  Sigmund (D:5)
  Duvessa (D:5)
  3 ice beasts
  A black bear (D:4)
  4 ogres
  A lemure (D:6)
  2 scorpions (D:4)
  A wyvern skeleton (D:5)
  Dowan (D:5)
  A bullfrog zombie (D:5)
  A hound (D:6)
  A jelly (D:4)
  5 orc priests
  A centaur skeleton (D:5)
  A gnoll shaman (D:6)
  An iguana (D:6)
  6 orc wizards
  A howler monkey skeleton (D:5)
  8 gnolls (D:6)
  An adder (D:4)
  An adder skeleton (D:4)
  3 dart slugs
  22 orcs
  8 endoplasms
  7 giant cockroaches
  6 hobgoblins
  5 quokkas
  6 ball pythons
  8 bats
  5 frilled lizards
  8 goblins
  6 kobolds
  7 rats
134 creatures vanquished.

Notes
Turn   | Place    | Note
-------+----------+-------------------------------------------
     0 | D:1      | Zeor the Vine Stalker Enchanter began the quest for the
                  | Orb.
     0 | D:1      | Reached XP level 1. HP: 9/9 MP: 4/4
    66 | D:1      | Reached skill level 4 in Stealth
    66 | D:1      | Reached XP level 2. HP: 5/13 MP: 4/6
   307 | D:1      | Reached skill level 1 in Short Blades
   627 | D:1      | Learned a level 2 spell: Ensorcelled Hibernation
  1035 | D:2      | Reached XP level 3. HP: 16/16 MP: 4/7
  2229 | D:3      | Found a faded altar of an unknown god.
  2307 | D:3      | Gained mutation: Your natural rate of healing is unusually
                  | fast. [Vine Stalker growth]
  2307 | D:3      | Reached XP level 4. HP: 21/21 MP: 5/8
  2384 | D:3      | Reached XP level 5. HP: 23/24 MP: 0/10
  2501 | D:3      | Learned a level 3 spell: Confusing Touch
  2505 | D:3      | Learned a level 3 spell: Tukima's Dance
  2591 | D:3      | Reached skill level 5 in Stealth
  2617 | D:3      | Reached skill level 1 in Ice Magic
  3168 | D:4      | Found a glowing golden altar of the Shining One.
  3317 | D:4      | Reached XP level 6. HP: 28/28 MP: 10/12
  3551 | D:4      | Reached skill level 6 in Stealth
  3569 | D:4      | Reached XP level 7. HP: 29/32 MP: 10/14
  3680 | D:4      | You fall into a shaft and drop 1 floor!
  3680 | D:5      | Entered Level 5 of the Dungeon
  3772 | D:5      | Noticed Sigmund
  3796 | D:5      | Killed Sigmund
  3797 | D:5      | Reached skill level 5 in Hexes
  4118 | D:4      | Reached skill level 7 in Stealth
  4118 | D:4      | Gained mutation: You have razor-sharp teeth. [Vine Stalker
                  | growth]
  4118 | D:4      | Reached XP level 8. HP: 37/37 MP: 13/16
  4124 | D:4      | Learned a level 3 spell: Dazzling Flash
  4186 | D:5      | Found a staircase to the Ecumenical Temple.
  4220 | Temple   | Entered the Ecumenical Temple
  4233 | Temple   | Became a worshipper of the Wu Jian Council
  4246 | D:5      | Found a runed translucent door.
  4250 | D:5      | Noticed Icepheonix32's ghost (amateur OpSu)
  4437 | D:5      | Reached skill level 5 in Spellcasting
  4551 | D:5      | Found a radiant altar of Vehumet.
  4552 | D:5      | Noticed Dowan
  4647 | D:5      | Reached skill level 1 in Fighting
  4685 | D:5      | Noticed Duvessa
  4686 | D:5      | Killed Dowan
  4690 | D:5      | Killed Duvessa
  5016 | D:6      | Noticed a two-headed ogre
  5069 | D:6      | Noticed a komodo dragon
  5225 | D:6      | Reached * piety under Wu Jian
  5255 | D:6      | Reached skill level 8 in Stealth
  5287 | D:6      | Reached XP level 9. HP: 40/41 MP: 16/19
  5317 | D:6      | Found a hazy altar of Hepliaklqana.
  5637 | D:6      | Noticed a two-headed ogre
  5646 | D:6      | Slain by a two-headed ogre

Illustrated notes

Levels and vault maps discovered:
D:1:      minmay_arrival_plants_in_alcoves, layout_rooms
D:2:      layout_rooms
D:3:      layout_rooms, ebering_ecumenical_altar_rust
D:4:      layout_loops_ring, nicolae_overflow_hidden_temple
D:5:      layout_loops_cross, mainiacjoe_overflow_small_starburst,
          minmay_temple_entry_hall, ebering_ghost_sewer_d, uniq_sigmund,
          uniq_duvessa
D:6:      kennysheep_big_flooded_room, layout_basic,
          mainiacjoe_overflow_brackets, nicolae_overflow_crystal_walls,
          chequers_serial_rivers_micro_e, uniq_pikel, uniq_prince_ribbit1
Temple:   nicolae_temple_x_marks_the_god

Skill      XL: |  1  2  3  4  5  6  7  8 |
---------------+-------------------------+-----
Stealth        | 4 5 6 7 8 |  8.3
Short Blades   | 1 2 3 |  3.1
Spellcasting   | 3 4 6 |  6.7
Hexes          | 4 5 6 |  6.4
Ice Magic      | 1 2 |  2.6
Dodging        | 2 |  2.2
Fighting       | 1 |  1.3

Action                   |  1- 3 |  4- 6 |  7- 9 || total
-------------------------+-------+-------+-------++-------
Melee: Dagger            |   106 |    66 |   148 ||   320
       Bite              |    22 |    13 |    42 ||    77
       Punch             |     1 |       |     2 ||     3
 Cast: Ensorcelled Hiber |    25 |    31 |    43 ||    99
       Confusing Touch   |       |     1 |    14 ||    15
       Tukima's Dance    |       |       |     2 ||     2
       Dazzling Flash    |       |       |     1 ||     1
Invok: Lunge             |       |       |    20 ||    20
       Whirlwind         |       |       |     7 ||     7
  Use: Potion            |     2 |       |     1 ||     3
       Scroll            |     3 |     4 |     3 ||    10
 Stab: Invisible         |     2 |       |       ||     2
       Sleeping          |    24 |    19 |    39 ||    82
       Confused          |       |       |     6 ||     6
       Distracted        |       |       |     1 ||     1
Armor: Robe              |    25 |     8 |    22 ||    55
Dodge: Dodged            |    65 |    22 |    45 ||   132
